 Dungeon Crawl Stone Soup version 0.23.2-40-g277498a (webtiles) character file.

Game seed: 8557616418620871826

4031 silentkaos13 the Basher (level 10, -2/61 HPs)
             Began as a Kobold Berserker on Oct 1, 2019.
             Was an Elder of Trog.
             Slain by karrick's ghost (8 damage)
             ... on level 8 of the Dungeon.
             The game lasted 00:25:56 (8331 turns).

silentkaos13 the Basher (Kobold Berserker)          Turns: 8331, Time: 00:25:57

Health: -2/61      AC: 17    Str: 17    XL:     10   Next: 48%
Magic:  10/10      EV:  3    Int:  9    God:    Trog [****..]
Gold:   429        SH:  0    Dex: -6 (15) Spells: 9/9 levels left

rFire    . . .     SeeInvis .   B - +2 flail (drain)
rCold    . . .     Gourm    .   x - +0 buckler
rNeg     . . .     Faith    .   J - +0 plate armour
rPois    .         Spirit   .   t - +0 helmet
rElec    .         Reflect  .   D - +2 cloak
rCorr    +         Harm     .   (no gloves)
MR       +....                  (no boots)
Stlth    ..........             (no amulet)
HPRegen  0.20/turn              s - ring of resist corrosion
MPRegen  0.12/turn              y - ring of protection from magic

@: berserk cooldown, slowed, lost dexterity, very slow
A: small, talons 1, repulsion field 1, blurry vision 1, carnivore, shaggy fur 1
a: Berserk, Trog's Hand, Brothers in Arms, Renounce Religion


You were on level 8 of the Dungeon.
You worshipped Trog.
Trog was greatly pleased with you.
You were not hungry.

You visited 1 branch of the dungeon, and saw 8 of its levels.

You collected 429 gold pieces.

Inventory:

Hand Weapons
 a - a +0 mace
 u - a +0 flail
 B - a +2 flail of draining (weapon)
 E - a +2 flail of protection
Missiles
 M - 6 needles of sleeping
Armour
 b - a +0 animal skin
 j - a +3 ring mail
 o - a +0 cloak
 t - a +0 helmet (worn)
 x - a +0 buckler (worn)
 D - a +2 cloak (worn)
 J - a +0 plate armour (worn)
Jewellery
 s - a ring of resist corrosion (left hand)
 y - a ring of protection from magic (right hand)
Wands
 F - a wand of flame (43)
 L - a wand of polymorph (6)
Scrolls
 e - 2 scrolls of identify
 f - 9 scrolls of teleportation
 g - 3 scrolls of magic mapping {unknown}
 h - 8 scrolls of remove curse
 k - a scroll of enchant armour {unknown}
 n - a scroll of fog {unknown}
 p - 2 scrolls of fear {unknown}
 v - a scroll of noise {unknown}
 z - 2 scrolls of acquirement {unknown}
 G - a scroll of blinking {unknown}
 H - a scroll of amnesia {unknown}
 K - a scroll of immolation {unknown}
Potions
 l - a potion of curing
 m - a potion of haste
 q - a potion of mutation
 r - a potion of might
 A - 2 potions of berserk rage
Comestibles
 c - 20 rations


   Skills:
 + Level 6.8 Fighting
 + Level 9.1 Maces & Flails
 + Level 4.6 Armour
 + Level 6.2 Dodging
 - Level 1.9 Stealth
 * Level 5.0 Shields


You had 9 spell levels left.
You didn't know any spells.
Your spell library was empty.

Dungeon Overview and Level Annotations

Branches:
Dungeon (8/15)             Temple (0/1) D:6
   Lair: D:8-11

Altars:
Dithmenos
Elyvilon
Fedhas
Gozag
Hepliaklqana
Nemelex Xobeh
Qazlal
Ru
Trog
Xom
Yredelemnul
The Shining One

Annotations:
D:8 karrick's ghost, journeyman GnAK


Innate Abilities, Weirdness & Mutations

You are small and have problems with some larger weapons.
You are carnivorous and can eat meat at any time.
You have sharp toenails.
You are surrounded by a mild repulsion field. (EV +2)
Scrolls take you a little longer to read.
You are covered in fur. (AC +1)


Message History

Your skin stops crawling.
You feel less resistant to hostile enchantments.
Karrick's ghost hits you but does no damage.
You miss karrick's ghost. Your kick misses karrick's ghost.
You feel less confused.
Karrick's ghost gestures at you while chanting.
The ball explodes into a vile cloud!
The stinking cloud engulfs you but does no damage.
The stinking cloud engulfs karrick's ghost but does no damage.
Karrick's ghost hits you.
* * * LOW HITPOINT WARNING * * *
You hit karrick's ghost.
Karrick's ghost is lightly damaged.
You are engulfed in noxious fumes.
* * * LOW HITPOINT WARNING * * *
Karrick's ghost hits you.
* * * LOW HITPOINT WARNING * * *
Unknown command.
Karrick's ghost hits you!
You die...

#............>.###
###.##############
##...################
##..<.......^.........
#......)....#.......##
#......)........###.## ######
####...####)©.####...#.##
.....####.....##%○#####..###...##
........[.##..#.@W../...#..##....
..#######.##.##.##○.=###.$..#..##
..# ### #.##[#.....#.....#.##..##
..#######.##.#..##..©..#...#...#.
..'.._..'.##.#......#..##W.#.#.#.
..###.###.##.##...#...#....#.#.#.
..# #.# #.....#....#......##.#...
..###+###.###.#####..###©##..###.
.......[..# #.....####©###..## #.


You could see karrick's ghost.

Vanquished Creatures
  A two-headed ogre (D:8)
  Grinder (D:5)
  A hippogriff (D:8)
  Sigmund (D:2)
  A wyvern (D:7)
  Menkaure (D:5)
  A black bear (D:6)
  An ice beast (D:7)
  An orc warrior (D:7)
  2 phantoms
  7 ogres
  A centaur (D:7)
  5 bullfrogs
  4 scorpions
  A howler monkey (D:7)
  2 crimson imps
  A bullfrog zombie (D:5)
  6 quasits (D:8)
  A jelly (D:5)
  A centaur skeleton (D:6)
  2 orc priests
  2 hounds
  2 worker ants
  5 orc wizards
  9 adders
  2 shadow imps
  An ooze (D:1)
  2 adder zombies
  2 adder skeletons
  3 worms
  6 dart slugs
  5 leopard geckos
  32 orcs
  2 bats (D:1)
  9 giant cockroaches
  8 goblins
  6 hobgoblins
  12 jackals
  11 kobolds
  A quokka (D:4)
  A ball python (D:2)
  5 frilled lizards
  A jackal skeleton (D:6)
  12 rats
181 creatures vanquished.

Notes
Turn   | Place    | Note
-------+----------+-------------------------------------------
     0 | D:1      | silentkaos13 the Kobold Berserker began the quest for the
                  | Orb.
     0 | D:1      | Reached XP level 1. HP: 14/14 MP: 1/1
   228 | D:1      | Reached XP level 2. HP: 19/19 MP: 2/2
   339 | D:1      | Reached skill level 3 in Maces & Flails
   637 | D:1      | Reached XP level 3. HP: 4/24 MP: 3/3
  1446 | D:2      | Reached ** piety under Trog
  1505 | D:2      | Noticed Sigmund
  1540 | D:1      | Reached XP level 4. HP: 11/29 MP: 4/4
  1742 | D:2      | Killed Sigmund
  1742 | D:2      | Reached skill level 4 in Maces & Flails
  1742 | D:2      | Reached skill level 1 in Stealth
  1742 | D:2      | Reached XP level 5. HP: 31/33 MP: 5/5
  1742 | D:2      | Reached XP level 6. HP: 36/38 MP: 6/6
  2840 | D:3      | Found a faded altar of an unknown god.
  2888 | D:3      | Found an opulent altar of Gozag.
  2889 | D:3      | Found a shadowy altar of Dithmenos.
  2889 | D:3      | Found a glowing golden altar of the Shining One.
  2889 | D:3      | Found a bloodstained altar of Trog.
  3670 | D:4      | Found a sparkling altar of Nemelex Xobeh.
  3673 | D:4      | Found a basalt altar of Yredelemnul.
  3694 | D:4      | Found a shimmering altar of Xom.
  3697 | D:4      | Found a sacrificial altar of Ru.
  3748 | D:4      | Found a hazy altar of Hepliaklqana.
  3883 | D:4      | Reached *** piety under Trog
  3891 | D:4      | Reached skill level 5 in Maces & Flails
  4112 | D:4      | Noticed an ogre
  4120 | D:4      | Killed an ogre
  4120 | D:4      | Reached XP level 7. HP: 44/44 MP: 7/7
  4265 | D:5      | Entered Level 5 of the Dungeon
  4282 | D:5      | Reached skill level 1 in Shields
  4558 | D:5      | You fall through a shaft for 3 floors!
  4559 | D:8      | Noticed a two-headed ogre
  4567 | D:8      | Killed a two-headed ogre
  4567 | D:8      | Reached skill level 5 in Fighting
  4567 | D:8      | Reached skill level 6 in Maces & Flails
  4567 | D:8      | Reached XP level 8. HP: 50/50 MP: 8/8
  4665 | D:8      | Reached skill level 7 in Maces & Flails
  4665 | D:8      | Reached skill level 5 in Dodging
  4665 | D:8      | Reached XP level 9. HP: 53/54 MP: 9/9
  4690 | D:8      | Noticed a hippogriff
  4700 | D:8      | Killed a hippogriff
  5060 | D:5      | Noticed Menkaure
  5064 | D:5      | Killed Menkaure
  5142 | D:5      | Noticed Grinder
  5147 | D:5      | Paralysed by Grinder for 6 turns
  5171 | D:5      | Killed Grinder
  5542 | D:6      | Found a staircase to the Ecumenical Temple.
  5549 | D:6      | Reached skill level 8 in Maces & Flails
  5629 | D:6      | Reached **** piety under Trog
  5664 | D:6      | Noticed a moth of wrath
  5667 | D:6      | Found a bloodstained altar of Trog.
  5893 | D:6      | Found a stormy altar of Qazlal.
  5893 | D:6      | Found a blossoming altar of Fedhas.
  6042 | D:7      | Reached XP level 10. HP: 61/61 MP: 10/10
  6869 | D:8      | Reached skill level 9 in Maces & Flails
  6894 | D:8      | Found a white marble altar of Elyvilon.
  6909 | D:8      | Noticed karrick's ghost (journeyman GnAK)
  6919 | D:8      | Found a transporter.
  7091 | D:8      | Found a transporter.
  7283 | D:8      | Reached ***** piety under Trog
  7601 | D:8      | HP: 2/61 [karrick's ghost (12)]
  7948 | D:8      | Reached skill level 5 in Shields
  7955 | D:8      | Lost dexterity.
  8256 | D:8      | Gained mutation: Scrolls take you a little longer to read.
                  | [potion of mutation]
  8256 | D:8      | Gained mutation: You are covered in fur. (AC +1) [potion of
                  | mutation]
  8256 | D:8      | Gained mutation: You are surrounded by a mild repulsion
                  | field. (EV +2) [potion of mutation]
  8256 | D:8      | Gained mutation: You have sharp toenails. [potion of
                  | mutation]
  8331 | D:8      | Slain by karrick's ghost

Skill      XL: |  1  2  3  4  5  6  7  8  9 10 |
---------------+-------------------------------+-----
Maces & Flails | 3 4 5 6 7 8 9 |  9.1
Fighting       | 4 5 6 |  6.8
Dodging        | 3 4 5 6 |  6.2
Stealth        | 1 |  1.9
Armour         | 2 3 4 |  4.6
Shields        | 2 4 5 |  5.0

Action                   |  1- 3 |  4- 6 |  7- 9 | 10-12 || total
-------------------------+-------+-------+-------+-------++-------
Melee: Mace              |   105 |   119 |       |       ||   224
       Flail             |       |    64 |   222 |   241 ||   527
Invok: Berserk           |     3 |     4 |     5 |     3 ||    15
       Trog's Hand       |       |     1 |       |     2 ||     3
  Use: Scroll            |     1 |       |     3 |     5 ||     9
       Potion            |       |       |     1 |    13 ||    14
 Stab: Sleeping          |     1 |       |     1 |       ||     2
  Eat: Chunk             |    10 |    10 |    15 |     6 ||    41
Armor: Animal skin       |    14 |       |       |       ||    14
       Ring mail         |     9 |    55 |    82 |     4 ||   150
       Plate armour      |       |       |       |   552 ||   552
Dodge: Dodged            |   101 |   119 |   193 |   331 ||   744
Block: Buckler           |       |       |    77 |    80 ||   157
